[ PARTIDA AOE2 · #475910408 ]
UnrankedPolacos vs Ethiopians
[ ANÁLISIS DE REPETICIÓN · EXTRAÍDO DE LA PARTIDA GRABADA ]
Feudal
10:24
Castillos
21:03
Imperial
—
| APM promedio | 20.4 |
| APM pico | 64 |
| eAPM promedio | 9.6 |
| Aldeanos / militares | 133 / 55 |
Foco
⚔️ 20.1% · 🌾 79.9%
Knight ×53 · Trade Cart ×13 · Monk ×2
Feudal
12:30
Castillos
21:05
Imperial
47:46
| APM promedio | 28.1 |
| APM pico | 58 |
| eAPM promedio | 19.5 |
| Aldeanos / militares | 140 / 299 |
Foco
⚔️ 41.3% · 🌾 58.7%
Archer ×264 · Shotel Warrior ×20 · Battering Ram ×10 · Mangonel ×4 · Skirmisher ×1
Feudal
14:25
Castillos
23:58
Imperial
—
| APM promedio | 15.9 |
| APM pico | 45 |
| eAPM promedio | 6.8 |
| Aldeanos / militares | 86 / 44 |
Foco
⚔️ 22.7% · 🌾 77.3%
Monk ×29 · Spearman ×7 · Militia ×4 · Huskarl ×3 · Petard ×1
Feudal
11:40
Castillos
18:55
Imperial
36:26
| APM promedio | 12.2 |
| APM pico | 31 |
| eAPM promedio | 6.0 |
| Aldeanos / militares | 95 / 100 |
Foco
⚔️ 22.0% · 🌾 78.0%
Knight ×100
Feudal
12:55
Castillos
16:50
Imperial
35:27
| APM promedio | 30.4 |
| APM pico | 72 |
| eAPM promedio | 16.6 |
| Aldeanos / militares | 189 / 359 |
Foco
⚔️ 26.7% · 🌾 73.3%
Jaguar Warrior ×288 · Spearman ×30 · Skirmisher ×30 · Monk ×7 · Trebuchet (Packed) ×4
Feudal
10:40
Castillos
19:31
Imperial
35:32
| APM promedio | 12.9 |
| APM pico | 47 |
| eAPM promedio | 8.4 |
| Aldeanos / militares | 68 / 175 |
Foco
⚔️ 35.9% · 🌾 64.1%
Militia ×154 · Battering Ram ×13 · Fishing Ship ×8 · Monk ×3 · Spearman ×3 · Trebuchet (Packed) ×2
Mapa de la partida
Recursos iniciales + cada clic de construcción. Líneas = muros · curvas = relieve. ◆ oro · ⬟ piedra · ● bayas · ✦ reliquia · ◌ hueco del cierre
Tu base· Abierta — hueco de 6t
Base de luckyseven2· ✓ Cerrada en 21:05 · 51t muro · 3 puerta(s)
Base de Kortsko· Abierta — flanco sin cerrar
Base de D-Twel· Abierta — hueco de 2t
Base de Dumbhill· Abierta — flanco sin cerrar
Base de TheRealGreenGold· Abierta — hueco de 5t
Terreno inicial suavizado · ◌ = hueco del cierre detectado · pasá el cursor para detalles
Inputs por minuto
— onurC - - luckyseven2
Build order — onurC
Primeras 150 de 255 acciones detectadas
| 0:02 | Encolar | Villager (Male) |
| 0:02 | Encolar | Villager (Male) |
| 0:02 | Encolar | Villager (Male) |
| 0:05 | Construir | House |
| 0:08 | Investigar | Loom |
| 0:11 | Construir | House |
| 0:28 | Encolar | Villager (Male) |
| 0:28 | Encolar | Villager (Male) |
| 0:54 | Encolar | Villager (Male) |
| 0:54 | Encolar | Villager (Male) |
| 1:47 | Encolar | Villager (Male) |
| 2:19 | Construir | Lumber Camp |
| 2:20 | Encolar | Villager (Male) |
| 2:43 | Encolar | Villager (Male) |
| 3:36 | Encolar | Villager (Male) |
| 4:15 | Construir | Mill |
| 4:18 | Encolar | Villager (Male) |
| 4:18 | Encolar | Villager (Male) |
| 5:23 | Encolar | Villager (Male) |
| 5:24 | Encolar | Villager (Male) |
| 5:46 | Encolar | Villager (Male) |
| 5:46 | Encolar | Villager (Male) |
| 6:27 | Encolar | Villager (Male) |
| 7:19 | Encolar | Villager (Male) |
| 7:38 | Construir | House |
| 8:14 | Investigar | Feudal Age |
| 9:22 | Encolar | Villager (Male) |
| 9:23 | Encolar | Villager (Male) |
| 9:23 | Encolar | Villager (Male) |
| 9:44 | Construir | Barracks |
| 9:57 | Encolar | Villager (Male) |
| 9:57 | Encolar | Villager (Male) |
| 10:15 | Construir | Mining Camp |
| 10:24 | Edad | Edad Feudal |
| 10:54 | Construir | Stable |
| 11:28 | Encolar | Villager (Male) |
| 11:29 | Encolar | Villager (Male) |
| 11:42 | Construir | House |
| 11:58 | Construir | House |
| 12:01 | Construir | House |
| 13:00 | Construir | Lumber Camp |
| 13:13 | Investigar | Double-Bit Axe |
| 13:15 | Encolar | Villager (Male) |
| 13:16 | Encolar | Villager (Male) |
| 13:28 | Construir | House |
| 13:47 | Construir | House |
| 14:08 | Encolar | Villager (Male) |
| 14:24 | Construir | Farm |
| 14:48 | Encolar | Villager (Male) |
| 14:48 | Encolar | Villager (Male) |
| 14:51 | Construir | Farm |
| 14:53 | Construir | Farm |
| 14:55 | Construir | Farm |
| 14:57 | Construir | Farm |
| 15:36 | Construir | Farm |
| 15:39 | Encolar | Villager (Male) |
| 15:42 | Encolar | Villager (Male) |
| 15:52 | Construir | Blacksmith |
| 16:59 | Construir | Market |
| 17:08 | Encolar | Villager (Male) |
| 17:09 | Encolar | Villager (Male) |
| 17:09 | Encolar | Villager (Male) |
| 17:29 | Construir | House |
| 17:44 | Construir | Mining Camp |
| 18:10 | Investigar | Castle Age |
| 18:27 | Construir | Farm |
| 18:32 | Construir | Farm |
| 18:37 | Construir | Farm |
| 18:50 | Construir | House |
| 18:57 | Construir | House |
| 18:59 | Construir | House |
| 19:01 | Construir | House |
| 19:03 | Construir | House |
| 19:13 | Construir | Mill |
| 19:17 | Construir | Farm |
| 19:28 | Encolar | Villager (Male) |
| 19:29 | Encolar | Villager (Male) |
| 19:29 | Encolar | Villager (Male) |
| 19:36 | Construir | Farm |
| 19:42 | Construir | Farm |
| 20:07 | Construir | Farm |
| 20:56 | Construir | Mining Camp |
| 21:03 | Construir | House |
| 21:03 | Edad | Edad de los Castillos |
| 21:13 | Encolar | Villager (Male) |
| 21:30 | Construir | Town Center |
| 22:03 | Construir | Town Center |
| 22:26 | Construir | Palisade Wall |
| 22:40 | Construir | House |
| 23:22 | Encolar | Villager (Male) |
| 23:23 | Encolar | Villager (Male) |
| 23:23 | Encolar | Villager (Male) |
| 23:32 | Encolar | Knight |
| 23:32 | Encolar | Knight |
| 23:33 | Encolar | Knight |
| 23:45 | Construir | House |
| 24:23 | Construir | House |
| 24:24 | Construir | House |
| 24:37 | Encolar | Villager (Male) |
| 24:38 | Encolar | Villager (Male) |
| 24:38 | Encolar | Villager (Male) |
| 24:53 | Encolar | Villager (Male) ×5 |
| 24:55 | Encolar | Villager (Male) ×5 |
| 25:27 | Encolar | Knight |
| 25:27 | Encolar | Knight |
| 25:38 | Construir | House |
| 25:53 | Investigar | Horse Collar |
| 26:14 | Encolar | Villager (Male) ×3 |
| 26:21 | Construir | Stable |
| 26:24 | Construir | Stable |
| 26:26 | Construir | Stable |
| 26:46 | Construir | Farm |
| 26:54 | Construir | Farm |
| 27:28 | Encolar | Villager (Male) ×5 |
| 27:48 | Encolar | Knight ×3 |
| 27:57 | Construir | House |
| 28:21 | Construir | Monastery |
| 29:28 | Construir | Stone Wall |
| 29:38 | Encolar | Knight ×5 |
| 29:43 | Construir | Mining Camp |
| 29:53 | Construir | Farm |
| 30:08 | Encolar | Villager (Male) ×5 |
| 30:12 | Construir | House |
| 30:13 | Construir | House |
| 30:32 | Construir | Gate |
| 30:37 | Construir | House |
| 30:38 | Construir | House |
| 30:47 | Construir | House |
| 31:56 | Construir | Castle |
| 32:02 | Construir | House |
| 32:07 | Investigar | Husbandry |
| 32:07 | Investigar | Bloodlines |
| 32:09 | Encolar | Villager (Male) ×5 |
| 32:09 | Encolar | Villager (Male) ×3 |
| 32:19 | Construir | Gate |
| 32:24 | Construir | Stone Wall |
| 32:25 | Construir | Stone Wall |
| 32:36 | Encolar | Knight ×2 |
| 33:28 | Encolar | Knight ×4 |
| 33:29 | Encolar | Villager (Male) |
| 34:28 | Encolar | Knight ×4 |
| 34:31 | Encolar | Villager (Male) |
| 35:39 | Construir | Barracks |
| 35:46 | Construir | House |
| 35:52 | Construir | Stone Wall |
| 35:53 | Construir | Stone Wall |
| 36:20 | Encolar | Villager (Male) ×5 |
| 36:23 | Encolar | Knight ×4 |
| 36:44 | Encolar | Monk |
| 36:45 | Encolar | Monk |
Build order — luckyseven2
Primeras 150 de 596 acciones detectadas
| 0:03 | Encolar | Villager (Male) |
| 0:04 | Encolar | Villager (Male) |
| 0:04 | Encolar | Villager (Male) |
| 0:04 | Encolar | Villager (Male) |
| 0:04 | Encolar | Villager (Male) |
| 0:09 | Construir | House |
| 0:16 | Construir | House |
| 2:00 | Encolar | Villager (Male) |
| 2:00 | Encolar | Villager (Male) |
| 2:30 | Encolar | Villager (Male) |
| 2:30 | Encolar | Villager (Male) |
| 2:30 | Encolar | Villager (Male) |
| 3:16 | Encolar | Villager (Male) |
| 3:16 | Encolar | Villager (Male) |
| 3:16 | Encolar | Villager (Male) |
| 3:16 | Encolar | Villager (Male) |
| 3:16 | Encolar | Villager (Male) |
| 3:16 | Encolar | Villager (Male) |
| 3:29 | Encolar | Villager (Male) |
| 3:29 | Encolar | Villager (Male) |
| 3:30 | Encolar | Villager (Male) |
| 3:30 | Encolar | Villager (Male) |
| 4:28 | Construir | Lumber Camp |
| 4:31 | Encolar | Villager (Male) |
| 4:31 | Encolar | Villager (Male) |
| 4:46 | Construir | House |
| 4:53 | Construir | House |
| 5:02 | Encolar | Villager (Male) |
| 5:03 | Encolar | Villager (Male) |
| 5:03 | Encolar | Villager (Male) |
| 5:47 | Encolar | Villager (Male) |
| 5:47 | Encolar | Villager (Male) |
| 8:07 | Encolar | Villager (Male) |
| 8:07 | Encolar | Villager (Male) |
| 8:59 | Construir | Barracks |
| 9:04 | Construir | House |
| 9:07 | Construir | House |
| 9:11 | Construir | House |
| 9:28 | Construir | Mill |
| 9:30 | Encolar | Villager (Male) |
| 9:31 | Encolar | Villager (Male) |
| 9:53 | Investigar | Feudal Age |
| 10:16 | Construir | House |
| 10:24 | Construir | Palisade Wall |
| 10:25 | Construir | Palisade Wall |
| 10:28 | Construir | Palisade Gate |
| 10:37 | Construir | House |
| 10:43 | Construir | Palisade Wall |
| 10:53 | Construir | Palisade Wall |
| 11:07 | Encolar | Villager (Male) |
| 11:07 | Encolar | Villager (Male) |
| 11:22 | Construir | Palisade Wall |
| 11:30 | Construir | Palisade Wall |
| 11:49 | Construir | Palisade Wall |
| 12:01 | Construir | Palisade Wall |
| 12:03 | Construir | Palisade Wall |
| 12:03 | Construir | Palisade Wall |
| 12:03 | Construir | Palisade Wall |
| 12:05 | Construir | Palisade Gate |
| 12:22 | Encolar | Villager (Male) |
| 12:22 | Encolar | Villager (Male) |
| 12:30 | Edad | Edad Feudal |
| 13:48 | Construir | Lumber Camp |
| 13:54 | Construir | Stone Wall |
| 13:56 | Construir | Stone Wall |
| 13:58 | Construir | Stone Wall |
| 14:02 | Construir | Gate |
| 14:18 | Construir | Farm |
| 14:19 | Construir | Farm |
| 14:48 | Encolar | Villager (Male) |
| 14:49 | Encolar | Villager (Male) |
| 15:02 | Construir | Farm |
| 15:09 | Construir | Farm |
| 15:43 | Encolar | Villager (Male) |
| 15:43 | Encolar | Villager (Male) |
| 15:57 | Investigar | Double-Bit Axe |
| 16:28 | Construir | Stone Wall |
| 16:30 | Construir | Stone Wall |
| 16:40 | Construir | Blacksmith |
| 16:45 | Encolar | Villager (Male) |
| 16:45 | Encolar | Villager (Male) |
| 17:14 | Construir | Market |
| 17:21 | Construir | Stone Wall |
| 17:25 | Encolar | Villager (Male) |
| 17:40 | Encolar | Villager (Male) |
| 18:17 | Investigar | Castle Age |
| 18:17 | Investigar | Castle Age |
| 18:39 | Construir | Archery Range |
| 18:47 | Construir | Archery Range |
| 19:00 | Construir | Farm |
| 19:05 | Construir | Farm |
| 19:07 | Investigar | Padded Archer Armor |
| 19:08 | Investigar | Fletching |
| 19:19 | Investigar | Fletching |
| 19:19 | Investigar | Fletching |
| 19:34 | Construir | House |
| 19:35 | Construir | House |
| 19:36 | Construir | House |
| 19:40 | Encolar | Archer |
| 19:40 | Encolar | Archer |
| 19:41 | Encolar | Archer |
| 19:41 | Encolar | Archer |
| 19:49 | Construir | Farm |
| 19:52 | Encolar | Villager (Male) |
| 20:04 | Encolar | Skirmisher |
| 20:11 | Encolar | Archer |
| 20:11 | Encolar | Archer |
| 20:11 | Encolar | Archer |
| 20:29 | Encolar | Villager (Male) |
| 20:40 | Encolar | Archer |
| 20:41 | Encolar | Archer |
| 20:41 | Encolar | Archer |
| 20:41 | Encolar | Archer |
| 21:05 | Edad | Edad de los Castillos |
| 21:05 | Encolar | Archer |
| 21:06 | Encolar | Archer |
| 21:06 | Encolar | Archer |
| 21:10 | Encolar | Villager (Male) |
| 21:10 | Encolar | Villager (Male) |
| 21:45 | Construir | Town Center |
| 21:53 | Construir | Farm |
| 21:55 | Investigar | Crossbowman (upgrade) |
| 22:05 | Construir | Farm |
| 22:36 | Encolar | Archer |
| 22:43 | Construir | Farm |
| 23:34 | Investigar | Thumb Ring |
| 23:35 | Investigar | Thumb Ring |
| 23:44 | Encolar | Villager (Male) |
| 23:44 | Encolar | Villager (Male) |
| 24:32 | Encolar | Villager (Male) |
| 24:32 | Encolar | Villager (Male) |
| 24:32 | Encolar | Villager (Male) |
| 24:59 | Construir | Castle |
| 25:08 | Encolar | Archer |
| 25:08 | Encolar | Archer |
| 25:08 | Encolar | Archer |
| 25:08 | Encolar | Archer |
| 25:09 | Encolar | Archer |
| 25:09 | Encolar | Archer |
| 25:16 | Encolar | Villager (Male) |
| 25:17 | Encolar | Villager (Male) |
| 25:21 | Encolar | Villager (Male) |
| 25:21 | Encolar | Villager (Male) |
| 25:25 | Construir | Farm |
| 25:30 | Encolar | Villager (Male) |
| 25:30 | Encolar | Villager (Male) |
| 25:38 | Encolar | Archer |
| 25:39 | Encolar | Archer |
| 25:39 | Encolar | Archer |
| 25:39 | Encolar | Archer |
Build order — Kortsko
Primeras 150 de 211 acciones detectadas
| 0:02 | Encolar | Villager (Male) ×4 |
| 0:04 | Construir | House |
| 0:07 | Construir | House |
| 0:14 | Investigar | Loom |
| 0:34 | Encolar | Villager (Male) |
| 0:34 | Encolar | Villager (Male) |
| 0:34 | Encolar | Villager (Male) |
| 0:35 | Encolar | Villager (Male) |
| 2:57 | Encolar | Villager (Male) |
| 2:58 | Encolar | Villager (Male) |
| 2:58 | Encolar | Villager (Male) |
| 2:58 | Encolar | Villager (Male) |
| 3:10 | Construir | Lumber Camp |
| 4:14 | Encolar | Villager (Male) |
| 4:15 | Encolar | Villager (Male) |
| 4:15 | Encolar | Villager (Male) |
| 4:15 | Encolar | Villager (Male) |
| 5:02 | Encolar | Villager (Male) |
| 5:03 | Encolar | Villager (Male) |
| 5:45 | Construir | House |
| 6:32 | Encolar | Villager (Male) |
| 6:32 | Encolar | Villager (Male) |
| 6:45 | Construir | House |
| 7:24 | Construir | Mining Camp |
| 7:54 | Construir | Mill |
| 8:49 | Encolar | Villager (Male) |
| 8:49 | Encolar | Villager (Male) |
| 8:58 | Construir | Mining Camp |
| 10:01 | Encolar | Villager (Male) |
| 10:05 | Encolar | Villager (Male) |
| 10:20 | Construir | Lumber Camp |
| 10:51 | Investigar | Feudal Age |
| 10:55 | Encolar | Villager (Male) |
| 11:00 | Encolar | Villager (Male) |
| 12:15 | Investigar | Feudal Age |
| 12:58 | Construir | Barracks |
| 14:15 | Construir | Mining Camp |
| 14:20 | Encolar | Villager (Male) |
| 14:20 | Encolar | Villager (Male) |
| 14:25 | Edad | Edad Feudal |
| 14:31 | Investigar | Wheelbarrow |
| 14:39 | Construir | House |
| 14:42 | Construir | House |
| 14:55 | Construir | Farm |
| 14:56 | Construir | Farm |
| 14:56 | Construir | Farm |
| 15:02 | Investigar | Horse Collar |
| 15:10 | Investigar | Double-Bit Axe |
| 15:17 | Encolar | Villager (Male) |
| 15:17 | Encolar | Villager (Male) |
| 15:49 | Construir | Market |
| 15:56 | Construir | Blacksmith |
| 16:11 | Encolar | Spearman |
| 16:12 | Encolar | Spearman |
| 16:12 | Encolar | Spearman |
| 16:22 | Construir | Farm |
| 16:22 | Construir | Farm |
| 16:23 | Construir | Farm |
| 16:23 | Construir | Farm |
| 17:20 | Encolar | Spearman |
| 17:20 | Encolar | Spearman |
| 17:36 | Encolar | Villager (Male) |
| 17:36 | Encolar | Villager (Male) |
| 18:53 | Encolar | Villager (Male) |
| 18:53 | Encolar | Villager (Male) |
| 19:23 | Construir | House |
| 19:45 | Construir | Farm |
| 20:30 | Encolar | Villager (Male) |
| 20:34 | Construir | Farm |
| 20:59 | Construir | Lumber Camp |
| 21:18 | Investigar | Castle Age |
| 21:34 | Encolar | Spearman |
| 22:13 | Encolar | Spearman |
| 23:08 | Encolar | Militia |
| 23:08 | Encolar | Militia |
| 23:58 | Edad | Edad de los Castillos |
| 24:38 | Investigar | Scale Mail Armor |
| 24:49 | Encolar | Villager (Male) |
| 24:49 | Encolar | Villager (Male) |
| 24:49 | Encolar | Villager (Male) |
| 25:41 | Construir | Castle |
| 25:53 | Encolar | Militia |
| 25:54 | Encolar | Militia |
| 26:30 | Encolar | Huskarl |
| 26:30 | Encolar | Huskarl |
| 27:03 | Encolar | Villager (Male) |
| 27:03 | Encolar | Villager (Male) |
| 27:03 | Encolar | Villager (Male) |
| 27:55 | Encolar | Huskarl |
| 28:00 | Encolar | Petard |
| 33:22 | Construir | Town Center |
| 35:33 | Encolar | Villager (Male) |
| 35:33 | Encolar | Villager (Male) |
| 35:34 | Encolar | Villager (Male) |
| 36:55 | Encolar | Villager (Male) |
| 37:04 | Construir | House |
| 37:33 | Construir | House |
| 38:00 | Encolar | Villager (Male) |
| 38:33 | Encolar | Villager (Male) |
| 38:33 | Encolar | Villager (Male) |
| 38:57 | Construir | Monastery |
| 39:06 | Construir | Farm |
| 39:06 | Construir | Farm |
| 39:07 | Construir | Farm |
| 39:07 | Construir | Farm |
| 39:07 | Construir | Farm |
| 39:08 | Construir | Farm |
| 39:08 | Construir | Farm |
| 39:08 | Construir | Farm |
| 39:11 | Construir | Farm |
| 39:16 | Encolar | Villager (Male) |
| 39:16 | Encolar | Villager (Male) |
| 39:51 | Encolar | Monk |
| 40:23 | Encolar | Villager (Male) |
| 42:07 | Encolar | Monk |
| 42:07 | Encolar | Monk |
| 42:08 | Encolar | Monk |
| 42:08 | Encolar | Monk |
| 42:08 | Encolar | Monk |
| 42:08 | Encolar | Monk |
| 49:11 | Construir | Lumber Camp |
| 53:01 | Construir | Market |
| 54:16 | Construir | Town Center |
| 56:32 | Encolar | Villager (Male) |
| 56:32 | Encolar | Villager (Male) |
| 56:32 | Encolar | Villager (Male) |
| 56:33 | Encolar | Villager (Male) |
| 57:17 | Construir | Town Center |
| 57:33 | Encolar | Villager (Male) |
| 57:33 | Encolar | Villager (Male) |
| 58:43 | Construir | Monastery |
| 59:21 | Construir | Farm |
| 59:45 | Encolar | Villager (Male) |
| 59:45 | Encolar | Villager (Male) |
| 60:20 | Construir | House |
| 60:21 | Construir | House |
| 60:22 | Construir | House |
| 60:34 | Construir | Farm |
| 60:34 | Construir | Farm |
| 60:48 | Encolar | Monk |
| 60:50 | Encolar | Monk |
| 60:51 | Encolar | Monk |
| 60:53 | Encolar | Monk |
| 60:54 | Encolar | Monk |
| 61:05 | Construir | Farm |
| 61:15 | Encolar | Villager (Male) |
| 61:16 | Encolar | Villager (Male) |
| 61:39 | Encolar | Monk |
| 61:39 | Encolar | Monk |
| 61:39 | Encolar | Monk |
Build order — D-Twel
Primeras 150 de 215 acciones detectadas
| 0:02 | Encolar | Villager (Male) |
| 0:03 | Encolar | Villager (Male) |
| 0:03 | Encolar | Villager (Male) |
| 0:06 | Construir | House |
| 0:38 | Construir | House |
| 0:39 | Construir | House |
| 0:40 | Construir | House |
| 1:21 | Encolar | Villager (Male) |
| 1:44 | Encolar | Villager (Male) |
| 2:33 | Encolar | Villager (Male) |
| 2:51 | Encolar | Villager (Male) |
| 3:21 | Encolar | Villager (Male) |
| 3:38 | Encolar | Villager (Male) |
| 3:57 | Encolar | Villager (Male) |
| 3:57 | Encolar | Villager (Male) |
| 4:26 | Encolar | Villager (Male) |
| 4:37 | Encolar | Villager (Male) |
| 5:06 | Encolar | Villager (Male) |
| 5:25 | Encolar | Villager (Male) |
| 5:59 | Encolar | Villager (Male) |
| 6:00 | Encolar | Villager (Male) |
| 6:26 | Encolar | Villager (Male) |
| 6:26 | Encolar | Villager (Male) |
| 6:38 | Encolar | Villager (Male) |
| 6:59 | Construir | Mill |
| 7:17 | Encolar | Villager (Male) |
| 7:48 | Encolar | Villager (Male) |
| 8:34 | Construir | Lumber Camp |
| 8:42 | Investigar | Loom |
| 8:48 | Construir | House |
| 8:48 | Construir | House |
| 8:50 | Construir | House |
| 9:30 | Investigar | Feudal Age |
| 9:50 | Encolar | Villager (Male) |
| 9:50 | Encolar | Villager (Male) |
| 11:24 | Construir | Mining Camp |
| 11:33 | Construir | House |
| 11:36 | Construir | House |
| 11:38 | Construir | House |
| 11:40 | Edad | Edad Feudal |
| 11:44 | Encolar | Villager (Male) |
| 11:52 | Investigar | Horse Collar |
| 11:55 | Investigar | Double-Bit Axe |
| 12:49 | Encolar | Villager (Male) |
| 12:50 | Encolar | Villager (Male) |
| 13:00 | Construir | Farm |
| 13:03 | Construir | Farm |
| 13:11 | Construir | Farm |
| 13:16 | Construir | Farm |
| 13:20 | Encolar | Villager (Male) |
| 13:21 | Encolar | Villager (Male) |
| 13:21 | Encolar | Villager (Male) |
| 13:28 | Construir | Farm |
| 14:14 | Construir | Market |
| 14:35 | Construir | Blacksmith |
| 14:50 | Encolar | Villager (Male) |
| 14:51 | Encolar | Villager (Male) |
| 15:00 | Encolar | Villager (Male) |
| 15:56 | Investigar | Gold Mining |
| 16:06 | Investigar | Castle Age |
| 16:15 | Construir | Barracks |
| 17:19 | Construir | Stable |
| 17:20 | Construir | Stable |
| 17:29 | Construir | Farm |
| 17:30 | Construir | Farm |
| 17:32 | Construir | Farm |
| 17:35 | Construir | Farm |
| 17:43 | Encolar | Villager (Male) |
| 17:44 | Encolar | Villager (Male) |
| 17:45 | Encolar | Villager (Male) |
| 18:21 | Investigar | Bloodlines |
| 18:55 | Edad | Edad de los Castillos |
| 19:04 | Construir | Town Center |
| 19:17 | Encolar | Knight ×5 |
| 19:29 | Encolar | Villager (Male) |
| 19:33 | Construir | Farm |
| 19:49 | Investigar | Bow Saw |
| 19:55 | Construir | Farm |
| 20:24 | Construir | Farm |
| 20:26 | Construir | Farm |
| 20:28 | Construir | Farm |
| 20:33 | Encolar | Villager (Male) |
| 20:34 | Encolar | Villager (Male) |
| 20:34 | Encolar | Villager (Male) |
| 20:39 | Encolar | Villager (Male) |
| 20:52 | Construir | Farm |
| 20:55 | Encolar | Villager (Male) |
| 21:26 | Construir | Farm |
| 21:28 | Encolar | Villager (Male) |
| 21:29 | Encolar | Villager (Male) |
| 21:34 | Encolar | Villager (Male) |
| 21:35 | Encolar | Villager (Male) |
| 21:49 | Construir | Farm |
| 21:58 | Encolar | Villager (Male) |
| 21:59 | Encolar | Villager (Male) |
| 22:29 | Investigar | Scale Barding Armor |
| 22:32 | Encolar | Villager (Male) |
| 22:36 | Construir | Farm |
| 23:09 | Encolar | Villager (Male) |
| 23:10 | Encolar | Villager (Male) |
| 23:11 | Encolar | Villager (Male) |
| 23:16 | Construir | Farm |
| 23:19 | Construir | Farm |
| 24:07 | Investigar | Chain Barding Armor |
| 24:11 | Encolar | Knight ×2 |
| 24:11 | Encolar | Knight ×2 |
| 24:16 | Construir | Farm |
| 24:17 | Encolar | Villager (Male) |
| 25:37 | Investigar | Forging |
| 26:35 | Encolar | Knight ×5 |
| 26:36 | Encolar | Knight ×5 |
| 26:46 | Encolar | Villager (Male) |
| 26:47 | Encolar | Villager (Male) |
| 26:48 | Encolar | Villager (Male) |
| 26:48 | Encolar | Villager (Male) |
| 26:48 | Encolar | Villager (Male) |
| 26:49 | Encolar | Villager (Male) |
| 26:52 | Encolar | Villager (Male) |
| 26:53 | Encolar | Villager (Male) |
| 27:00 | Construir | Farm |
| 27:41 | Encolar | Knight ×3 |
| 27:42 | Encolar | Knight ×3 |
| 28:13 | Construir | House |
| 28:14 | Construir | House |
| 28:15 | Construir | House |
| 28:17 | Construir | House |
| 28:18 | Construir | House |
| 28:21 | Construir | House |
| 28:23 | Construir | House |
| 28:26 | Construir | House |
| 28:29 | Construir | House |
| 28:30 | Construir | House |
| 28:31 | Construir | House |
| 28:34 | Construir | House |
| 31:41 | Construir | Castle |
| 33:08 | Construir | University |
| 33:12 | Encolar | Villager (Male) |
| 33:12 | Encolar | Villager (Male) |
| 33:12 | Encolar | Villager (Male) |
| 33:13 | Encolar | Villager (Male) |
| 33:16 | Investigar | Imperial Age |
| 34:49 | Encolar | Knight ×5 |
| 34:49 | Encolar | Knight ×5 |
| 34:49 | Encolar | Knight ×5 |
| 35:58 | Investigar | Wheelbarrow |
| 36:11 | Investigar | Iron Casting |
| 36:21 | Encolar | Villager (Male) |
| 36:21 | Encolar | Villager (Male) |
| 36:22 | Encolar | Villager (Male) |
| 36:22 | Encolar | Villager (Male) |
Build order — Dumbhill
Primeras 150 de 467 acciones detectadas
| 0:02 | Encolar | Villager (Male) ×4 |
| 0:03 | Construir | House |
| 0:06 | Investigar | Loom |
| 0:06 | Encolar | Villager (Male) |
| 0:07 | Encolar | Villager (Male) |
| 0:08 | Construir | House |
| 0:23 | Encolar | Villager (Male) |
| 0:23 | Encolar | Villager (Male) |
| 1:41 | Encolar | Villager (Male) |
| 2:16 | Construir | Lumber Camp |
| 2:24 | Encolar | Villager (Male) |
| 2:38 | Encolar | Villager (Male) |
| 3:14 | Encolar | Villager (Male) |
| 3:14 | Encolar | Villager (Male) |
| 3:35 | Construir | House |
| 3:37 | Construir | House |
| 4:06 | Encolar | Villager (Male) |
| 4:25 | Encolar | Villager (Male) |
| 5:11 | Encolar | Villager (Male) |
| 5:11 | Encolar | Villager (Male) |
| 5:45 | Encolar | Villager (Male) |
| 6:00 | Encolar | Villager (Male) |
| 6:00 | Encolar | Villager (Male) |
| 6:19 | Construir | Mill |
| 6:38 | Encolar | Villager (Male) |
| 7:08 | Encolar | Villager (Male) |
| 7:08 | Encolar | Villager (Male) |
| 7:09 | Encolar | Villager (Male) |
| 7:26 | Encolar | Villager (Male) |
| 7:28 | Encolar | Villager (Male) |
| 7:37 | Construir | House |
| 7:40 | Construir | House |
| 7:44 | Encolar | Villager (Male) |
| 8:36 | Construir | House |
| 8:37 | Construir | House |
| 8:57 | Encolar | Villager (Male) |
| 9:38 | Construir | House |
| 9:43 | Construir | Mining Camp |
| 9:50 | Encolar | Villager (Male) |
| 10:05 | Investigar | Feudal Age |
| 10:20 | Construir | Mill |
| 10:54 | Encolar | Villager (Male) |
| 10:54 | Encolar | Villager (Male) |
| 11:01 | Construir | Lumber Camp |
| 12:37 | Encolar | Villager (Male) |
| 12:55 | Edad | Edad Feudal |
| 12:57 | Encolar | Villager (Male) |
| 13:05 | Construir | Market |
| 13:09 | Construir | Blacksmith |
| 13:13 | Encolar | Villager (Male) |
| 13:36 | Encolar | Villager (Male) |
| 14:06 | Investigar | Castle Age |
| 15:03 | Encolar | Villager (Male) |
| 15:03 | Encolar | Villager (Male) |
| 15:17 | Construir | Mill |
| 15:35 | Investigar | Double-Bit Axe |
| 15:38 | Investigar | Horse Collar |
| 16:50 | Edad | Edad de los Castillos |
| 17:20 | Construir | Farm |
| 17:22 | Construir | Farm |
| 17:26 | Construir | Farm |
| 17:29 | Construir | Farm |
| 17:30 | Encolar | Villager (Male) |
| 17:45 | Construir | Farm |
| 17:46 | Encolar | Villager (Male) |
| 18:08 | Construir | Town Center |
| 18:10 | Encolar | Villager (Male) |
| 18:10 | Encolar | Villager (Male) |
| 18:32 | Construir | Town Center |
| 18:36 | Encolar | Villager (Male) |
| 19:12 | Encolar | Villager (Male) |
| 19:12 | Encolar | Villager (Male) |
| 19:24 | Encolar | Villager (Male) |
| 19:26 | Encolar | Villager (Male) |
| 19:26 | Encolar | Villager (Male) |
| 19:26 | Encolar | Villager (Male) |
| 19:30 | Encolar | Villager (Male) |
| 19:30 | Encolar | Villager (Male) |
| 19:37 | Encolar | Villager (Male) |
| 19:44 | Encolar | Villager (Male) |
| 19:52 | Construir | Monastery |
| 19:59 | Encolar | Villager (Male) |
| 19:59 | Encolar | Villager (Male) |
| 20:05 | Encolar | Villager (Male) |
| 20:26 | Construir | House |
| 20:27 | Construir | House |
| 20:28 | Construir | House |
| 20:31 | Construir | House |
| 20:33 | Construir | House |
| 20:34 | Encolar | Villager (Male) |
| 20:39 | Construir | Farm |
| 20:42 | Encolar | Villager (Male) |
| 20:42 | Encolar | Villager (Male) |
| 20:45 | Encolar | Villager (Male) |
| 20:45 | Encolar | Villager (Male) |
| 20:46 | Encolar | Villager (Male) |
| 20:49 | Encolar | Villager (Male) |
| 20:51 | Encolar | Monk |
| 20:52 | Encolar | Monk |
| 20:55 | Encolar | Villager (Male) |
| 21:03 | Construir | Farm |
| 21:07 | Encolar | Villager (Male) |
| 21:08 | Investigar | Wheelbarrow |
| 21:28 | Construir | Farm |
| 21:30 | Investigar | Heavy Plow |
| 21:35 | Investigar | Bow Saw |
| 21:36 | Encolar | Villager (Male) |
| 21:56 | Encolar | Villager (Male) |
| 21:56 | Encolar | Villager (Male) |
| 21:58 | Construir | Farm |
| 21:59 | Encolar | Villager (Male) |
| 21:59 | Encolar | Villager (Male) |
| 22:13 | Encolar | Villager (Male) |
| 22:13 | Encolar | Villager (Male) |
| 22:14 | Encolar | Villager (Male) |
| 22:17 | Construir | Farm |
| 22:18 | Encolar | Villager (Male) |
| 22:18 | Encolar | Villager (Male) |
| 22:22 | Encolar | Villager (Male) |
| 22:26 | Encolar | Monk |
| 22:32 | Construir | Mining Camp |
| 22:55 | Encolar | Villager (Male) |
| 22:55 | Encolar | Villager (Male) |
| 22:58 | Construir | Farm |
| 22:58 | Encolar | Villager (Male) |
| 22:58 | Encolar | Villager (Male) |
| 23:07 | Encolar | Villager (Male) |
| 23:13 | Construir | Farm |
| 23:14 | Encolar | Villager (Male) |
| 23:14 | Encolar | Villager (Male) |
| 23:20 | Encolar | Villager (Male) |
| 23:27 | Encolar | Villager (Male) |
| 23:37 | Encolar | Villager (Male) |
| 23:41 | Construir | Farm |
| 23:41 | Encolar | Villager (Male) |
| 23:44 | Construir | Farm |
| 23:46 | Construir | Farm |
| 23:47 | Construir | Farm |
| 23:49 | Construir | Farm |
| 23:53 | Construir | Farm |
| 23:55 | Construir | Farm |
| 23:57 | Construir | Farm |
| 24:00 | Construir | Farm |
| 24:00 | Encolar | Villager (Male) |
| 24:01 | Encolar | Villager (Male) |
| 24:04 | Construir | Farm |
| 24:06 | Construir | Farm |
| 24:06 | Encolar | Villager (Male) |
| 24:06 | Encolar | Villager (Male) |
| 24:11 | Encolar | Villager (Male) |
Build order — TheRealGreenGold
Primeras 150 de 257 acciones detectadas
| 0:01 | Encolar | Villager (Male) |
| 0:02 | Encolar | Villager (Male) |
| 0:02 | Encolar | Villager (Male) |
| 0:04 | Construir | House |
| 0:07 | Construir | House |
| 0:09 | Construir | House |
| 0:10 | Construir | House |
| 0:51 | Encolar | Villager (Male) |
| 1:48 | Encolar | Villager (Male) |
| 1:50 | Investigar | Loom |
| 2:07 | Encolar | Villager (Male) |
| 2:43 | Construir | Lumber Camp |
| 2:57 | Construir | Lumber Camp |
| 3:03 | Encolar | Villager (Male) |
| 3:03 | Encolar | Villager (Male) |
| 3:32 | Encolar | Villager (Male) |
| 4:02 | Encolar | Villager (Male) |
| 4:35 | Encolar | Villager (Male) |
| 5:15 | Encolar | Villager (Male) |
| 5:16 | Encolar | Villager (Male) |
| 5:38 | Construir | Mill |
| 5:58 | Encolar | Villager (Male) |
| 5:59 | Encolar | Villager (Male) |
| 6:18 | Encolar | Villager (Male) |
| 7:05 | Construir | Mining Camp |
| 7:17 | Encolar | Villager (Male) |
| 8:30 | Investigar | Feudal Age |
| 8:47 | Construir | Dock |
| 8:54 | Construir | House |
| 8:58 | Construir | House |
| 9:52 | Encolar | Fishing Ship |
| 10:08 | Encolar | Villager (Male) |
| 10:08 | Encolar | Villager (Male) |
| 10:10 | Encolar | Villager (Male) |
| 10:40 | Edad | Edad Feudal |
| 10:48 | Construir | Market |
| 11:35 | Encolar | Villager (Male) |
| 11:36 | Encolar | Villager (Male) |
| 11:50 | Construir | Fish Trap |
| 12:00 | Encolar | Villager (Male) |
| 12:01 | Encolar | Villager (Male) |
| 12:08 | Construir | Farm |
| 12:14 | Construir | Farm |
| 12:49 | Construir | Lumber Camp |
| 13:36 | Encolar | Villager (Male) |
| 13:36 | Encolar | Villager (Male) |
| 13:37 | Encolar | Villager (Male) |
| 13:37 | Encolar | Villager (Male) |
| 14:45 | Construir | Farm |
| 14:49 | Construir | Farm |
| 14:52 | Construir | Farm |
| 14:56 | Construir | Farm |
| 14:57 | Encolar | Villager (Male) |
| 14:58 | Encolar | Villager (Male) |
| 15:14 | Construir | Blacksmith |
| 15:27 | Encolar | Villager (Male) |
| 15:28 | Encolar | Villager (Male) |
| 15:33 | Encolar | Fishing Ship |
| 15:33 | Encolar | Fishing Ship |
| 16:19 | Encolar | Fishing Ship |
| 16:20 | Encolar | Fishing Ship |
| 16:27 | Construir | Farm |
| 16:32 | Construir | Farm |
| 16:39 | Construir | Farm |
| 16:51 | Investigar | Castle Age |
| 17:04 | Construir | Fish Trap |
| 17:17 | Investigar | Double-Bit Axe |
| 17:59 | Construir | Barracks |
| 18:04 | Construir | House |
| 18:06 | Construir | House |
| 18:17 | Encolar | Villager (Male) |
| 18:18 | Encolar | Villager (Male) |
| 18:44 | Construir | Lumber Camp |
| 19:06 | Encolar | Spearman |
| 19:06 | Encolar | Spearman |
| 19:07 | Encolar | Spearman |
| 19:16 | Investigar | Forging |
| 19:17 | Investigar | Scale Mail Armor |
| 19:31 | Edad | Edad de los Castillos |
| 19:40 | Construir | Mining Camp |
| 19:43 | Encolar | Villager (Male) |
| 19:49 | Construir | Fish Trap |
| 20:17 | Construir | Fish Trap |
| 20:30 | Construir | Farm |
| 20:52 | Investigar | Horse Collar |
| 20:53 | Investigar | Bow Saw |
| 20:59 | Encolar | Villager (Male) |
| 21:00 | Encolar | Villager (Male) |
| 21:00 | Encolar | Villager (Male) |
| 21:00 | Encolar | Villager (Male) |
| 21:07 | Investigar | Squires |
| 21:41 | Encolar | Villager (Male) |
| 21:41 | Encolar | Villager (Male) |
| 22:44 | Investigar | Man-at-Arms (upgrade) |
| 22:57 | Investigar | Iron Casting |
| 23:15 | Encolar | Villager (Male) |
| 23:16 | Encolar | Villager (Male) |
| 23:57 | Encolar | Villager (Male) |
| 23:58 | Encolar | Villager (Male) |
| 24:00 | Investigar | Long Swordsman (upgrade) |
| 24:35 | Encolar | Militia ×5 |
| 25:19 | Encolar | Villager (Male) |
| 25:27 | Construir | House |
| 25:29 | Construir | House |
| 25:30 | Construir | House |
| 25:35 | Construir | House |
| 25:39 | Encolar | Villager (Male) |
| 25:39 | Encolar | Villager (Male) |
| 25:48 | Encolar | Militia ×3 |
| 25:57 | Construir | Barracks |
| 26:00 | Construir | Barracks |
| 26:21 | Investigar | Chain Mail Armor |
| 26:31 | Construir | Fish Trap |
| 26:42 | Construir | Fish Trap |
| 26:46 | Construir | Fish Trap |
| 26:53 | Encolar | Fishing Ship |
| 26:54 | Encolar | Fishing Ship |
| 26:54 | Encolar | Fishing Ship |
| 27:18 | Encolar | Militia ×5 |
| 27:18 | Encolar | Militia ×5 |
| 27:42 | Encolar | Militia ×3 |
| 28:10 | Construir | Monastery |
| 28:16 | Encolar | Militia ×3 |
| 28:34 | Encolar | Villager (Male) |
| 28:34 | Encolar | Villager (Male) |
| 28:38 | Construir | Farm |
| 28:43 | Construir | Farm |
| 28:55 | Construir | Castle |
| 29:09 | Encolar | Militia ×3 |
| 29:40 | Encolar | Monk |
| 29:40 | Encolar | Monk |
| 29:45 | Encolar | Militia ×4 |
| 29:57 | Construir | Castle |
| 30:41 | Construir | Fish Trap |
| 30:43 | Construir | Fish Trap |
| 30:45 | Construir | Fish Trap |
| 30:49 | Construir | House |
| 30:50 | Construir | House |
| 30:51 | Construir | House |
| 30:51 | Construir | House |
| 30:51 | Construir | House |
| 30:52 | Construir | House |
| 30:52 | Construir | House |
| 30:52 | Construir | House |
| 30:52 | Construir | House |
| 30:53 | Construir | House |
| 30:53 | Construir | House |
| 32:22 | Investigar | Imperial Age |
| 34:21 | Encolar | Militia ×5 |
| 34:22 | Encolar | Militia ×5 |
Cronología de la partida
| 8:47 | TheRealGreenGold · first_building Dock |
| 8:59 | luckyseven2 · first_building Barracks |
| 9:44 | onurC · first_building Barracks |
| 10:24 | onurC · age_up feudal |
| 10:24 | luckyseven2 · wall_segment Palisade Wall x4 |
| 10:25 | luckyseven2 · wall_segment Palisade Wall x1 |
| 10:40 | TheRealGreenGold · age_up feudal |
| 10:43 | luckyseven2 · wall_segment Palisade Wall x4 |
| 10:53 | luckyseven2 · wall_segment Palisade Wall x1 |
| 10:54 | onurC · first_building Stable |
| 11:22 | luckyseven2 · wall_segment Palisade Wall x8 |
| 11:30 | luckyseven2 · wall_segment Palisade Wall x9 |
| 11:40 | D-Twel · age_up feudal |
| 11:49 | luckyseven2 · wall_segment Palisade Wall x7 |
| 12:01 | luckyseven2 · wall_segment Palisade Wall x1 |
| 12:03 | luckyseven2 · wall_segment Palisade Wall x1 |
| 12:03 | luckyseven2 · wall_segment Palisade Wall x1 |
| 12:03 | luckyseven2 · wall_segment Palisade Wall x1 |
| 12:30 | luckyseven2 · age_up feudal |
| 12:55 | Dumbhill · age_up feudal |
| 12:58 | Kortsko · first_building Barracks |
| 13:54 | luckyseven2 · wall_segment Stone Wall x4 |
| 13:56 | luckyseven2 · wall_segment Stone Wall x1 |
| 13:58 | luckyseven2 · wall_segment Stone Wall x1 |
| 14:25 | Kortsko · age_up feudal |
| 16:15 | D-Twel · first_building Barracks |
| 16:28 | luckyseven2 · wall_segment Stone Wall x4 |
| 16:30 | luckyseven2 · wall_segment Stone Wall x4 |
| 16:42 | TheRealGreenGold · first_market_buy 100 food |
| 16:50 | Dumbhill · age_up castle |
| 17:19 | D-Twel · first_building Stable |
| 17:21 | luckyseven2 · wall_segment Stone Wall x1 |
| 17:58 | onurC · first_market_buy 100 food |
| 17:59 | TheRealGreenGold · first_building Barracks |
| 18:39 | luckyseven2 · first_building Archery Range |
| 18:55 | D-Twel · age_up castle |
| 19:17 | luckyseven2 · first_market_buy 100 food |
| 19:31 | TheRealGreenGold · age_up castle |
| 19:52 | Dumbhill · first_building Monastery |
| 21:03 | onurC · age_up castle |
| 21:05 | luckyseven2 · age_up castle |
| 22:26 | onurC · wall_segment Palisade Wall x1 |
| 23:58 | Kortsko · age_up castle |
| 24:24 | Dumbhill · first_building Barracks |
| 24:59 | luckyseven2 · first_building Castle |
| 25:41 | Kortsko · first_building Castle |
| 26:11 | onurC · first_market_sell 100 wood |
| 26:43 | luckyseven2 · first_building Siege Workshop |
| 27:29 | luckyseven2 · first_market_sell 100 food |
| 27:55 | luckyseven2 · wall_segment Stone Wall x1 |
| 27:56 | luckyseven2 · wall_segment Stone Wall x1 |
| 27:58 | D-Twel · tribute_sent a jugador 1 |
| 27:58 | D-Twel · tribute_sent a jugador 2 |
| 27:58 | D-Twel · tribute_sent a jugador 4 |
| 27:58 | D-Twel · tribute_sent a jugador 5 |
| 27:58 | D-Twel · tribute_sent a jugador 6 |
| 28:10 | TheRealGreenGold · first_building Monastery |
| 28:21 | onurC · first_building Monastery |
| 28:55 | TheRealGreenGold · first_building Castle |
| 29:28 | onurC · wall_segment Stone Wall x1 |
| 30:49 | Dumbhill · first_market_buy 100 stone |
| 30:55 | Dumbhill · first_building Castle |
| 31:41 | D-Twel · first_building Castle |
| 31:56 | onurC · first_building Castle |
| 32:17 | TheRealGreenGold · first_market_sell 100 wood |
| 32:24 | onurC · wall_segment Stone Wall x1 |
| 32:25 | onurC · wall_segment Stone Wall x1 |
| 35:27 | Dumbhill · age_up imperial |
| 35:32 | TheRealGreenGold · age_up imperial |
| 35:52 | onurC · wall_segment Stone Wall x1 |
| 35:53 | onurC · wall_segment Stone Wall x1 |
| 36:26 | D-Twel · age_up imperial |
| 37:17 | Dumbhill · first_building Archery Range |
| 37:53 | TheRealGreenGold · first_building Siege Workshop |
| 38:57 | Kortsko · first_building Monastery |
| 41:20 | onurC · wall_segment Stone Wall x1 |
| 41:31 | onurC · wall_segment Stone Wall x1 |
| 41:33 | onurC · wall_segment Stone Wall x1 |
| 47:46 | luckyseven2 · age_up imperial |
| 53:57 | Dumbhill · tribute_sent a jugador 1 |
| 53:57 | Dumbhill · tribute_sent a jugador 2 |
| 53:57 | Dumbhill · tribute_sent a jugador 3 |
| 53:57 | Dumbhill · tribute_sent a jugador 5 |
| 53:57 | Dumbhill · tribute_sent a jugador 6 |
| 54:01 | onurC · tribute_sent a jugador 1 |
| 54:01 | onurC · tribute_sent a jugador 2 |
| 54:01 | onurC · tribute_sent a jugador 3 |
| 54:01 | onurC · tribute_sent a jugador 4 |
| 54:01 | onurC · tribute_sent a jugador 5 |
| 55:11 | luckyseven2 · wall_segment Stone Wall x20 |
| 55:36 | luckyseven2 · wall_segment Stone Wall x6 |
| 57:52 | D-Twel · first_market_sell 500 wood |
| 58:31 | Dumbhill · tribute_sent a jugador 1 |
| 58:31 | Dumbhill · tribute_sent a jugador 2 |
| 58:31 | Dumbhill · tribute_sent a jugador 3 |
| 58:31 | Dumbhill · tribute_sent a jugador 5 |
| 58:31 | Dumbhill · tribute_sent a jugador 6 |
| 58:33 | luckyseven2 · wall_segment Stone Wall x1 |
| 58:35 | luckyseven2 · wall_segment Stone Wall x5 |
| 58:39 | luckyseven2 · wall_segment Stone Wall x3 |
| 58:41 | luckyseven2 · wall_segment Stone Wall x7 |
| 58:52 | luckyseven2 · wall_segment Stone Wall x1 |
| 64:22 | luckyseven2 · wall_segment Stone Wall x1 |
| 64:25 | luckyseven2 · wall_segment Stone Wall x1 |
| 70:07 | Dumbhill · tribute_sent a jugador 1 |
| 70:07 | Dumbhill · tribute_sent a jugador 2 |
| 70:07 | Dumbhill · tribute_sent a jugador 3 |
| 70:07 | Dumbhill · tribute_sent a jugador 5 |
| 70:07 | Dumbhill · tribute_sent a jugador 6 |
| 70:56 | Kortsko · first_market_buy 100 wood |
| 72:05 | luckyseven2 · resign |
[ ANÁLISIS IA · 1 CRÉDITO ]
¿Qué pasó realmente en esta partida?
Wolo.gg analiza cada decisión: build order, eco, micro, errores típicos por bracket. Análisis personalizado por WhatsApp o Discord en 30 segundos.
Guía civ
Polacos
Perfil
Jugador #25109672